Map: Ever Dream LE

Players

Jonathas - Winner!

  • Race: Zerg Zerg
  • League: Diamond
  • Spawn Location: 7:00

NCZY

  • Race: Terran Terran
  • League: Diamond
  • Spawn Location: 1:00

VOD

Have the link to the VOD?

Description

Time

  • Played on: July 11, 2020, 2:49 a.m.
  • Length: 6:15
Show
View Real Time Build Order
Export as new Build Order

Jonathas Zerg - Winner!

Build Orders: Hatch First, Roach Nydus 

Get SALT Encoding   

  12  0:00  Drone  
  13  0:11  Overlord  
  13  0:16  Drone  
  14  0:30  Drone x2  
  16  0:47  Hatchery  
  15  0:51  Drone  
  16  1:06  Spawning Pool  
  16  1:09  Drone  
  16  1:13  Extractor  
  16  1:14  Drone  
  16  1:18  Drone  
  18  1:25  Drone  
  18  1:36  Overlord  
  18  1:46  Drone  
  19  1:53  Queen, Zergling x2  
  22  1:59  Queen  
  22  2:00  Zergling x2  
  25  2:12  Drone x2  
  25  2:14  Metabolic Boost  
  27  2:18  Zergling x2  
  27  2:22  Overlord  
  28  2:34  Extractor  
  28  2:35  Queen  
  29  2:39  Drone  
  29  2:40  Drone  
  29  2:42  Drone  
  32  2:45  Drone  
  34  2:51  Drone  
  34  2:55  Drone  
  35  3:00  Lair  
  35  3:04  Drone  
  35  3:05  Drone  
  37  3:20  Roach Warren  
  37  3:21  Overlord  
  36  3:27  Overlord  
  36  3:31  Drone x2  
  36  3:32  Drone  
  39  3:44  Drone  
  39  3:45  Drone, Evolution Chamber  
  39  3:46  Evolution Chamber  
  39  3:54  Drone x3  
  43  3:55  Drone  
  43  3:57  Drone  
  43  4:00  Drone  
  45  4:10  Nydus Network  
  45  4:13  Queen  
  46  4:25  Roach x4  
  54  4:35  Drone x2  
  54  4:36  Roach x2  
  54  4:37  Overlord  
  60  4:47  Glial Reconstitution  
  60  4:50  Nydus Canal  
  60  4:55  Queen  
  60  4:57  Spine Crawler  
  61  5:04  Roach x3  
  67  5:10  Queen  
  67  5:12  Roach x2  
  64  5:16  Roach  
  64  5:18  Roach  
  64  5:24  Roach  
  64  5:25  Roach  
  65  5:35  Roach  
  67  5:42  Ravager  
  64  5:51  Roach x3  
  64  5:53  Roach x2  
Show
View Real Time Build Order
Export as new Build Order

NCZY Terran 

Build Orders: 2 Factory, Hellion Opening, Mech 

Get SALT Encoding   

  12  0:02  SCV  
  13  0:14  SCV  
  14  0:17  Supply Depot  
  14  0:26  SCV  
  15  0:39  SCV  
  15  0:40  Barracks  
  16  0:45  Refinery  
  16  0:51  SCV  
  17  1:03  SCV  
  18  1:15  SCV  
  19  1:27  Orbital Command  
  19  1:38  Command Center  
  19  1:39  Marine  
  20  1:51  Factory  
  20  1:55  SCV  
  21  2:04  Supply Depot  
  21  2:07  Barracks Reactor  
  21  2:10  SCV  
  21  2:15  Refinery  
  22  2:23  SCV  
  23  2:35  SCV  
  24  2:41  Factory  
  24  2:47  SCV  
  24  2:50  Hellion x2  
  29  2:52  Orbital Command  
  28  2:59  SCV  
  28  3:00  Barracks Tech Lab  
  29  3:11  Hellion x2  
  33  3:17  SCV  
  33  3:18  SCV  
  35  3:23  Supply Depot  
  35  3:30  Infernal Pre-Igniter  
  35  3:32  Hellion  
  37  3:38  SCV x2  
  37  3:39  Hellion  
  43  3:41  Hellion  
  43  3:50  Supply Depot, SCV x2  
  47  3:55  Hellion  
  47  4:00  Hellion  
  51  4:03  SCV, Hellion  
  51  4:04  SCV  
  53  4:10  Armory  
  53  4:13  Supply Depot  
  53  4:15  SCV  
  54  4:19  Hellion  
  54  4:20  Barracks Tech Lab  
  54  4:21  SCV  
  57  4:28  SCV  
  57  4:30  Engineering Bay  
  58  4:33  SCV  
  58  4:34  Hellion  
  61  4:41  SCV  
  61  4:42  Supply Depot  
  62  4:46  Factory  
  62  4:47  Widow Mine, SCV  
  65  4:53  SCV  
  65  4:59  SCV  
  65  5:08  Cyclone  
  65  5:13  Hellion  
  65  5:14  Hellion  
  54  5:32  Siege Tank  
  53  5:45  SCV x2  
  56  5:55  Command Center  
  51  6:01  SCV x2  
Tags
 
Add a new tag
Caveats
  • Supply blocks, unpowered buildings, or Contaminate may cause inaccurate times.
  • Supply counts are checked every 10 seconds.